 Dungeon Crawl Stone Soup version 0.28-a0-828-g0121872642 (webtiles) character file.

Game seed: 9630747682921863004

30 ders the Digger (level 3, -2/20 HPs)
             Began as a Gargoyle Earth Elementalist on Nov 10, 2021.
             Slain by a goblin (6 damage)
             ... led by Robin
             ... on level 2 of the Dungeon.
             The game lasted 00:01:16 (1085 turns).

ders the Digger (Gargoyle Earth Elementalist)       Turns: 1085, Time: 00:01:17

Health: -2/20      AC:  5    Str: 11    XL:     3   Next: 18%
Magic:  0/7        EV: 11    Int: 16    God:
Gold:   31         SH:  0    Dex: 10    Spells: 6/7 levels left

rFire   . . .      SeeInvis .   (no weapon)
rCold   . . .      Faith    .   (no shield)
rNeg    + . .      Spirit   .   b - +0 robe
rPois   ∞          Reflect  .   (no helmet)
rElec   +          Harm     .   (no cloak)
rCorr   .          Rampage  .   (no gloves)
Will    .....                   (no boots)
Stlth   ++........              (no amulet)
HPRegen 0.06/turn               (no ring)
MPRegen 0.10/turn               (no ring)

@: no status effects
A: sickness immunity, AC +3, negative energy resistance 1, electricity
resistance, torment resistance 1, petrification resistance
a: no special abilities


You were on level 2 of the Dungeon.
You visited 1 branch of the dungeon, and saw 2 of its levels.

You collected 31 gold pieces.

Inventory:

Missiles
 c - 27 stones
Armour
 b - a +0 robe (worn)
Scrolls
 a - a scroll of noise
 d - a scroll of identify
Potions
 e - a potion of invisibility {unknown}
 f - a potion of lignification {unknown}


   Skills:
 + Level 0.3 Fighting
 - Level 1.5 Dodging
 - Level 2.1 Stealth
 + Level 2.6 Spellcasting
 + Level 0.8 Transmutations
 + Level 4.3 Earth Magic


You had 6 spell levels left.
You knew the following spells:

 Your Spells              Type           Power      Damage    Failure   Level
a - Sandblast             Erth           32%        2d9       3%          1

Your spell library contained the following spells:

 Spells                   Type           Power      Damage    Failure   Level
 Passwall                 Tmut/Erth      8%         N/A       10%         2
 Animate Skeleton         Necr           4%         N/A       19%         1
 Magic Dart               Conj           8%         1d3       19%         1
 Pain                     Necr           8%         1d4       19%         1
 Stone Arrow              Conj/Erth      18%        3d8       24%         3
 Call Imp                 Summ           2%         N/A       28%         2
 Mephitic Cloud           Conj/Pois/Air  2%         N/A       50%         3
 Vampiric Draining        Necr           2%         2d6       50%         3
 Petrify                  Tmut/Erth      10%        N/A       54%         4


Dungeon Overview and Level Annotations

Branches:
Dungeon (2/15)

Altars:


Innate Abilities, Weirdness & Mutations

You are immune to sickness and miasma.
Your stone body is resilient. (AC +3)
You are immune to poison.
You resist negative energy. (rN+)
You are resistant to electric shocks. (rElec)
You are resistant to unholy torment.
You are immune to petrification.


Message History

Casting: Sandblast (safe; 3% risk of failure)
Confirm with . or Enter, or press ? or * to list all spells.
You don't have enough magic to cast this spell.
Things that are here:
a +0 dagger; a goblin corpse Robin throws the goblin at you!
A goblin comes into view. It is wielding a +0 club.
The goblin hits you but does no damage.
You closely miss the goblin. Robin throws the goblin at you!
The goblin completely misses you.
You hit Robin.
Robin is almost dead.
The goblin hits you but does no damage.
Robin roars a battlecry!
The goblins go into a battle-frenzy!
A goblin comes into view. It is wielding a +0 club.
The goblin hits you with a +0 dagger.
Unknown command.
Casting: Sandblast (safe; 3% risk of failure)
Confirm with . or Enter, or press ? or * to list all spells.
Aiming: Sandblast (safe; 3% risk of failure)
Press: ? - help, Shift-Dir - straight line, f/p - Robin
Aim: Robin, wielding a +0 dagger, wearing a +0 animal skin and wearing a +0 helmet (almost dead, 85% to hit)
The blast of sand hits Robin.
You kill Robin!
The goblin hits you with a +0 club. The goblin barely misses you.
You have reached level 3!
Your experience leads to an increase in your attributes!
Increase (S)trength, (I)ntelligence, or (D)exterity?
You feel clever.
You hit the goblin.
The goblin is moderately wounded.
The goblin barely misses you. The goblin hits you with a +0 club.
* * * LOW HITPOINT WARNING * * *
The goblin closely misses you.
As you read the scroll labelled QERURE DEAHURCH, it crumbles to dust.
It is a scroll of identify.
a - a scroll of noise The goblin hits you but does no damage.
The goblin hits you with a +0 club.
You die...

##### ##...## #####..
####.....####g.†....
#.......>##)ggg.#
#.##.....##@###.#
#.###.....gg#
#.#.....###.###.#..
#.#.###............
#.#.#.......#.#....
#####.#.#.#.###.#.#.###
#.....#.....# #.#.#.#
#.#######.#.# #.#.#.#
#.# ##.#.###.)...#


You could see a hobgoblin (strong) and 5 goblins.

Vanquished Creatures
  Robin (D:2)
  A ball python (D:1)
  2 endoplasms (D:1)
  5 goblins
  2 hobgoblins
  2 kobolds
  A bat (D:1)
  2 frilled lizards (D:1)
  3 rats (D:1)
19 creatures vanquished.

Notes
Turn   | Place    | Note
-------+----------+-------------------------------------------
     0 | D:1      | ders the Gargoyle Earth Elementalist began the quest for
                  | the Orb.
     0 | D:1      | Reached XP level 1. HP: 10/10 MP: 3/3
   211 | D:1      | Reached skill level 4 in Earth Magic
   327 | D:1      | Reached XP level 2. HP: 14/15 MP: 0/5
  1006 | D:2      | Found a faded altar of an unknown god.
  1071 | D:2      | Noticed Robin
  1083 | D:2      | Killed Robin
  1084 | D:2      | Reached XP level 3. HP: 7/20 MP: 0/7
  1085 | D:2      | Slain by a goblin

Illustrated notes

Levels and vault maps discovered:
D:1:      sevenhm_arrival_forest_fort_small_1, layout_basic,
          chequers_mini_garden
D:2:      minmay_razor_zed, layout_loops_ring,
          ebering_ecumenical_altar_petrified, grunt_ministairs_1, uniq_robin

Skill      XL: |  1 |
---------------+----+-----
Earth Magic    | 4 |  4.3
Fighting       | |  0.3
Dodging        | |  1.5
Stealth        | |  2.1
Spellcasting   | |  2.6
Transmutations | |  0.8

Action                   || total
-------------------------++-------
Melee: Unarmed           ||     3
 Cast: Sandblast         ||    26
  Use: Scroll            ||     1
Armor: Robe              ||     7
Dodge: Dodged            ||     5

Table legend: (Time is in decaauts)
 A = Elapsed time spent in this place.
 B = Non-inter-level travel time spent in this place.
 C = Inter-level travel time spent in this place.
 D = Time resting spent in this place.
 E = Time spent auto-exploring this place.
 F = Levels seen in this place.
 G = Mean time per level.
                   A        B        C        D        E       F      G
               +--------+--------+--------+--------+--------+-----+--------+
         Total |   1088 |   1070 |     18 |    243 |    717 |   2 |  544.0 |
       Dungeon |   1088 |   1070 |     18 |    243 |    717 |   2 |  544.0 |
               +--------+--------+--------+--------+--------+-----+--------+

Top non-repeatable levels by time:
     D:1: 905 daAuts
     D:2: 182 daAuts
